 Dungeon Crawl Stone Soup version 0.31.0-32-g396128a36d (webtiles) character file.

Game seed: 10525019140329225592

8729 firemarshallily the Fighter (level 11, -9/89 HPs)
             Began as a Demonspawn Gladiator on Apr 15, 2024.
             Was a Believer of Cheibriados.
             Blown up by a great orb of eyes (33 damage)
             ... with a mindburst bolt
             ... in a Gauntlet on Apr 16, 2024.
             The game lasted 00:34:57 (11804 turns).

firemarshallily the Fighter (Demonspawn Gladiator) Turns: 11804, Time: 00:34:58

Health: -9/89      AC: 13    Str: 20    XL:     11   Next: 13%
Magic:  0/20       EV: 16    Int: 29    God:    Cheibriados [**....]
Gold:   325        SH:  0    Dex: 23    Spells: 15/22 levels left

rFire   . . .        U - +4 long sword
rCold   . . .        (no shield)
rNeg    . . .        C - +0 acid dragon scales
rPois   .            c - +0 helmet
rElec   .            (no cloak)
rCorr   +            O - +1 Delatra's gloves {ID++}
SInv    +            T - +2 pair of boots
Will    .....        i - amulet of guardian spirit
Stlth   ++           p - +6 ring of intelligence
HPRegen 0.34/turn    u - ring of see invisible
MPRegen 0.17/turn

%: no teleportation, guardian spirit, wizardry (x1)
@: very slow
A: hooves 1, ignite blood 2, spiny 1, big brain 3, inability to read after
injury 1, noise suppression
a: Renounce Religion, Bend Time


You were in a Gauntlet.
You worshipped Cheibriados.
Cheibriados was pleased with you.
You visited 2 branches of the dungeon, and saw 12 of its levels.
You also visited: Ossuary and Gauntlet.

You collected 435 gold pieces.
You spent 110 gold pieces at shops.

Inventory:

Hand Weapons
 U - a +4 long sword (weapon)
Missiles
 d - 5 throwing nets
 j - a curare-tipped dart
 k - a javelin
 v - 19 boomerangs (quivered)
 G - 5 poisoned darts
Armour
 c - a +0 helmet (worn)
 C - +0 acid dragon scales (worn)
 O - the +1 Delatra's gloves (worn) {ID++}
   (You found it on level 6 of the Dungeon)

   ID++:      It heals its wearer when they drink unknown potions, and restores
   their MP when they read unknown scrolls.
 T - a +2 pair of boots (worn)
Jewellery
 a - an amulet of faith
 i - an amulet of guardian spirit (around neck)
 p - a +6 ring of intelligence (left hand)
 r - a +6 ring of intelligence
 u - a ring of see invisible (right hand)
 x - a ring of protection from cold
 y - a ring of resist corrosion
 Q - a ring of protection from cold
Wands
 b - a wand of roots (7)
 e - a wand of polymorph (11)
 L - a wand of charming (7)
 M - a wand of flame (4)
 P - a wand of acid (7)
Scrolls
 g - 5 scrolls of teleportation
 h - 2 scrolls of noise
 o - a scroll of silence
 q - 3 scrolls of fear
 t - a scroll of butterflies
 z - a scroll of torment {unknown}
 A - 3 scrolls of blinking {unknown}
 D - a scroll of immolation {unknown}
 H - 2 scrolls of revelation
 I - 4 scrolls of vulnerability {unknown}
 J - 3 scrolls of enchant weapon {unknown}
 K - 2 scrolls of poison
 N - 2 scrolls of enchant armour {unknown}
 R - a scroll of fog {unknown}
 S - a scroll of identify
Potions
 f - a potion of brilliance
 l - a potion of might
 m - a potion of enlightenment
 n - a potion of lignification
 s - a potion of ambrosia
 w - 2 potions of attraction
 B - a potion of berserk rage {unknown}
 E - 2 potions of magic
 F - a potion of heal wounds


   Skills:
 + Level 9.2 Fighting
 + Level 8.7 Long Blades
 - Level 1.7 Throwing
 - Level 4.3 Armour
 + Level 5.9 Dodging
 + Level 6.3 Spellcasting
 + Level 5.9 Conjurations


You had 15 spell levels left.
You knew the following spells:

 Your Spells              Type           Power      Damage    Failure   Level
a - Magic Dart            Conj           100%       1d8       1%          1
b - Searing Ray           Conj           86%        2d7       1%          2
c - Fulminant Prism       Conj/Alch      13%        3d9       9%          4

Your spell library contained the following spells:

 Spells                   Type           Power      Damage    Failure   Level
 Ensorcelled Hibernation  Hex/Ice        18%        N/A       4%          2
 Lesser Beckoning         Tloc           18%        N/A       4%          2
 Frozen Ramparts          Ice            18%        1d3       9%          3
 Fugue of the Fallen      Necr           9%         N/A       9%          3
 Gell's Gravitas          Tloc           9%         N/A       9%          3
 Teleport Other           Tloc           9%         N/A       9%          3
 Tukima's Dance           Hex            9%         N/A       9%          3
 Iskenderun's Mystic Bla  Conj/Tloc      26%        2d7       9%          4
 Anguish                  Hex/Necr       4%         N/A       26%         4
 Dimensional Bullseye     Hex/Tloc       4%         N/A       26%         4
 Leda's Liquefaction      Alch/Erth      4%         N/A       26%         4
 Petrify                  Alch/Erth      9%         N/A       26%         4
 Metabolic Englaciation   Hex/Ice        4%         N/A       56%         5
 Summon Forest            Summ/Tloc      4%         N/A       56%         5
 Summon Mana Viper        Hex/Summ       9%         N/A       56%         5
 Summon Cactus Giant      Summ           4%         N/A       98%         6


Dungeon Overview and Level Annotations

Branches:
Dungeon (11/15)            Temple (1/1) D:7            Lair (0/5) D:10
Ossuary (visited)         Gauntlet (1/1)
    Orc: D:9-12

Altars:
Ashenzari
Cheibriados
Dithmenos
Fedhas
Gozag
Hepliaklqana
Kikubaaqudgha
Makhleb
Nemelex Xobeh
Okawaru
Qazlal
Ru
Sif Muna
Trog
Uskayaw
Vehumet
Wu Jian
Xom
Yredelemnul

Shops:
D:9 *

Annotations:
D:4 2 runed translucent doors, Katie's ghost, amateur HuHu
D:8 2 transporters, MiniGinger's ghost, novice OpHW Gauntlet 13 transporters


Innate Abilities, Weirdness & Mutations

You have large cloven feet.
Your demonic aura often causes spilled blood to erupt in flames.
You are partially covered in sharp spines.
You have an absolutely massive brain. (Int +6, Wiz)
You occasionally lose the ability to read scrolls when taking damage.
You passively dampen the noise of your surroundings.


Message History

You slash the white ugly thing!
The white ugly thing is heavily wounded.
The white ugly thing is engulfed in blazing flames.
The white ugly thing engulfs you! The white ugly thing freezes you!
Unknown command.
You slash the white ugly thing!
The white ugly thing is almost dead.
The white ugly thing is engulfed in blazing flames.
You kill the white ugly thing!
Cheibriados appreciates the change of pace.
Cheibriados raises the support of your attributes as your movement slows.
Unknown command.
You hit the great orb of eyes.
The great orb of eyes is lightly wounded.
The great orb of eyes is engulfed in blazing flames.
The great orb of eyes gazes at you.
You struggle to resist.
You barely miss the great orb of eyes.
The great orb of eyes is lightly wounded.
The great orb of eyes is engulfed in blazing flames.
The great orb of eyes bites you!
* * * LOW HITPOINT WARNING * * *
Unknown command.
You hit the great orb of eyes but do no damage.
The great orb of eyes is moderately wounded.
The great orb of eyes bites you but does no damage.
You slice the great orb of eyes!!
The great orb of eyes is heavily wounded.
The great orb of eyes gazes at you.
Your mind is blasted!
* * * LOW HITPOINT WARNING * * *
You hit the great orb of eyes but do no damage.
The great orb of eyes is heavily wounded.
You feel less fragile.
Unknown command.
You hit the great orb of eyes but do no damage.
The great orb of eyes is heavily wounded.
The great orb of eyes gazes at you.
Your mind is blasted!
You die...

5p55p#.#.#)#..#hhbb#.#.#....©))..
########.###########.############
©........#≈§≈≈8≈≈≈§#........©#...
########.###########.#########...
.......#.#".#......#.#..........#
.......#.#...#...G.#.#..........#
#####..#.#...#....##.#..#########
# #8#..#.#....#G##.#.#..#8# #8# #
###..#©#©..###@°.#©#..### ###
#..###!##.#....###..#
#....##....#...#....#
#....#.....#...#....#
###..#).....#..#..###
#8#..###########..#8#
###...............###
#§.............≈#
#################


You could see a great orb of eyes.

Vanquished Creatures
  Harold (D:9)
  A two-headed ogre (D:9)
  A sixfirhy (Gauntlet)
  An ugly thing (Gauntlet)
  A cyclops (D:11)
  A komodo dragon (D:10)
  3 hornets
  2 shadows
  Grum (D:8)
  2 wraiths
  2 steam dragons (D:9)
  An acid dragon (D:9)
  A water moccasin (D:4)
  2 ice beasts
  8 orc warriors
  3 wolves (D:8)
  3 centaurs
  A phantom (D:6)
  2 kobold brigands
  A bullfrog (D:8)
  10 scorpions (Ossuary)
  3 wights (D:9)
  5 killer bees (D:8)
  6 howler monkeys
  3 centaur zombies (Ossuary)
  A bombardier beetle (D:5)
  A jelly (D:4)
  6 hounds
  5 orc priests
  A sleepcap (D:5)
  A human zombie (Ossuary)
  4 iguanas
  3 scorpion zombies (Ossuary)
  Terence (D:2)
  13 orc wizards
  3 mummies (Ossuary)
  6 gnolls
  5 adders
  A shadow imp (D:6)
  3 white imps
  4 ufetubi (Gauntlet)
  An adder zombie (Ossuary)
  2 dart slugs
  51 orcs
  3 bats
  9 endoplasms
  2 giant cockroaches
  4 gnoll zombies (Ossuary)
  6 goblins
  5 hobgoblins
  3 jackals (D:1)
  2 quokkas (D:3)
  9 ball pythons
  3 ball python zombies (Ossuary)
  4 frilled lizards
  2 jackal zombies (Ossuary)
  13 kobolds
  4 rats
246 creatures vanquished.

Notes
Turn   | Place    | Note
-------+----------+-------------------------------------------
     0 | D:1      | firemarshallily the Demonspawn Gladiator began the quest
                  | for the Orb.
     0 | D:1      | Reached XP level 1. HP: 16/16 MP: 1/1
   172 | D:1      | Gained mutation: You are partially covered in sharp spines.
                  | [demonic ancestry]
   172 | D:1      | Reached XP level 2. HP: 23/23 MP: 2/2
   534 | D:2      | Reached XP level 3. HP: 28/28 MP: 3/3
  1051 | D:2      | Noticed Terence
  1069 | D:2      | Killed Terence
  1070 | D:2      | Reached skill level 3 in Fighting
  1662 | D:3      | Gained mutation: Your demonic aura sometimes causes spilled
                  | blood to erupt in flames. [demonic ancestry]
  1662 | D:3      | Reached XP level 4. HP: 35/35 MP: 4/4
  2365 | D:4      | Gained mutation: You have an unusually large brain. (Int
                  | +2) [demonic ancestry]
  2365 | D:4      | Reached XP level 5. HP: 42/42 MP: 3/5
  2497 | D:4      | Found a runed translucent door.
  2498 | D:4      | Noticed Katie's ghost (amateur HuHu)
  2531 | D:4      | Noticed a water moccasin
  2544 | D:4      | Killed a water moccasin
  2545 | D:4      | Reached skill level 4 in Fighting
  2545 | D:4      | Gained mutation: Your demonic aura often causes spilled
                  | blood to erupt in flames. [demonic ancestry]
  2545 | D:4      | Reached XP level 6. HP: 29/48 MP: 3/6
  2614 | D:4      | Found a runed translucent door.
  3012 | D:5      | Entered Level 5 of the Dungeon
  3028 | D:5      | Found a sacrificial altar of Ru.
  3114 | D:5      | Found a sand-covered staircase.
  3127 | Ossuary  | Entered an ossuary
  3277 | Ossuary  | Reached skill level 1 in Spellcasting
  3459 | Ossuary  | Reached skill level 5 in Long Blades
  3459 | Ossuary  | Gained mutation: You have an extremely huge brain. (Int +4)
                  | [demonic ancestry]
  3459 | Ossuary  | Reached XP level 7. HP: 54/55 MP: 6/8
  3485 | Ossuary  | Reached skill level 5 in Fighting
  3816 | Ossuary  | Gained mutation: You have an absolutely massive brain. (Int
                  | +6, Wiz) [demonic ancestry]
  3816 | Ossuary  | Reached XP level 8. HP: 50/64 MP: 6/11
  3818 | Ossuary  | Reached skill level 6 in Fighting
  4244 | D:5      | Found a hazy altar of Hepliaklqana.
  4247 | D:5      | Found a faded altar of an unknown god.
  4446 | D:5      | Identified a scroll of acquirement
  4474 | D:5      | Found an iron altar of Okawaru.
  4680 | D:5      | Found a broken altar of Ashenzari.
  5147 | D:5      | Learned a level 1 spell: Magic Dart
  5150 | D:5      | Learned a level 2 spell: Searing Ray
  5155 | D:5      | Learned a level 4 spell: Fulminant Prism
  5502 | D:6      | Reached skill level 1 in Conjurations
  5509 | D:6      | Reached skill level 7 in Fighting
  5510 | D:6      | Reached skill level 1 in Armour
  5630 | D:6      | Found a blossoming altar of Fedhas.
  5728 | D:6      | Found a stormy altar of Qazlal.
  5823 | D:6      | Gained mutation: You have large cloven feet. [demonic
                  | ancestry]
  5823 | D:6      | Reached XP level 9. HP: 72/72 MP: 14/14
  5842 | D:6      | Found a radiant altar of Vehumet.
  6035 | D:6      | Found the +1 Delatra's gloves {ID++}
  6073 | D:6      | Acquired a ring of protection from cold
  6694 | D:7      | Found a staircase to the Ecumenical Temple.
  6716 | Temple   | Entered the Ecumenical Temple
  7110 | D:8      | Noticed MiniGinger's ghost (novice OpHW)
  7111 | D:8      | Noticed a centaur warrior
  7111 | D:8      | Noticed a gargoyle
  7309 | D:8      | Noticed Grum
  7316 | D:8      | Paralysed by a hornet for 2 turns
  7320 | D:8      | Gained mutation: You have a pair of small antennae on your
                  | head. [potion of mutation]
  7320 | D:8      | Gained mutation: You are covered in fur. (AC +1) [potion of
                  | mutation]
  7320 | D:8      | Paralysed by a hornet for 2 turns
  7329 | D:8      | Killed Grum
  7557 | D:8      | Found a transporter.
  7567 | D:8      | Found a transporter.
  7617 | D:8      | Reached skill level 8 in Fighting
  7694 | D:8      | Reached XP level 10. HP: 64/80 MP: 15/17
  7750 | D:8      | Found a snail-covered altar of Cheibriados.
  7842 | D:8      | Became a worshipper of Cheibriados the Contemplative
  8497 | D:9      | Identified the +5 ring mail of Disguise {rCorr}
  8642 | D:9      | Reached skill level 5 in Spellcasting
  8893 | D:9      | Lost mutation: You are covered in fur. (AC +1) [potion of
                  | mutation]
  8893 | D:9      | Lost mutation: You have a pair of small antennae on your
                  | head. [potion of mutation]
  8893 | D:9      | Gained mutation: You occasionally lose the ability to read
                  | scrolls when taking damage. [potion of mutation]
  8893 | D:9      | Gained mutation: You passively dampen the noise of your
                  | surroundings. [potion of mutation]
  9008 | D:9      | Noticed Harold
  9014 | D:9      | Killed Harold
  9234 | D:9      | Noticed a two-headed ogre
  9241 | D:9      | Killed a two-headed ogre
  9415 | D:9      | Reached skill level 5 in Dodging
  9528 | D:9      | Found Puofapp's Assorted Antiques.
  9531 | D:9      | Bought a scroll labelled SITZEITH ZEHOTZ for 22 gold pieces
  9531 | D:9      | Bought a potion of brilliance for 88 gold pieces
  9545 | D:9      | Reached * piety under Cheibriados
  9681 | D:9      | Found a shimmering blue altar of Sif Muna.
  9761 | D:9      | Reached skill level 5 in Conjurations
 10093 | D:10     | Entered Level 10 of the Dungeon
 10461 | D:10     | Reached ** piety under Cheibriados
 10664 | D:10     | Found a staircase to the Lair.
 10740 | D:10     | Reached skill level 9 in Fighting
 10801 | D:10     | Found a sparkling altar of Nemelex Xobeh.
 11174 | D:11     | Noticed a cyclops
 11191 | D:11     | Killed a cyclops
 11224 | D:11     | Found a gate leading to a gauntlet.
 11236 | D:11     | Reached XP level 11. HP: 64/89 MP: 11/20
 11282 | Gauntlet | Entered a Gauntlet
 11282 | Gauntlet | Found a transporter.
 11282 | Gauntlet | Found a transporter.
 11287 | Gauntlet | Noticed a sixfirhy
 11306 | Gauntlet | Found a transporter.
 11323 | Gauntlet | Found a transporter.
 11339 | Gauntlet | Found a transporter.
 11355 | Gauntlet | Found a transporter.
 11357 | Gauntlet | Noticed a sixfirhy
 11361 | Gauntlet | Noticed a sixfirhy
 11366 | Gauntlet | Noticed a sixfirhy
 11373 | Gauntlet | Found a transporter.
 11419 | Gauntlet | Noticed a death scarab
 11448 | Gauntlet | Found a transporter.
 11448 | Gauntlet | Found a transporter.
 11452 | Gauntlet | Noticed a death scarab
 11456 | Gauntlet | Noticed a hell hog
 11465 | Gauntlet | Found a transporter.
 11465 | Gauntlet | Noticed an arcanist
 11467 | Gauntlet | Noticed an occultist
 11469 | Gauntlet | Found a transporter.
 11495 | Gauntlet | Found a transporter.
 11502 | Gauntlet | Found a transporter.
 11506 | Gauntlet | Noticed a great orb of eyes
 11532 | Gauntlet | Found a transporter.
 11576 | Gauntlet | Found a transporter.
 11583 | Gauntlet | Noticed a white ugly thing
 11591 | Gauntlet | Found a transporter.
 11754 | Gauntlet | Killed a sixfirhy
 11798 | Gauntlet | Killed a white ugly thing
 11804 | Gauntlet | Blown up by a great orb of eyes

Illustrated notes

Levels and vault maps discovered:
D:1:      co_arrival_square_in_a_square_in_a_square, layout_basic,
          minmay_pentomino_p2
D:2:      layout_loops_corners, grunt_ministairs_4, minmay_misc_feat_rugged,
          uniq_terence
D:3:      layout_basic
D:4:      layout_rooms, ebering_ghost_sewer_f
D:5:      layout_basic, nicolae_overflow_crystal_walls, kennysheep_little_box,
          mainiacjoe_overflow_catwalk, beargit_hepliaklqana_dungeon_heroes,
          chequers_ossuary_entry_cave, minmay_misc_feat_ornament
D:6:      layout_cave_pools, grunt_temple_overflow_forces_of_nature,
          vehumet_altar_wand_db, st_stairs_6, minmay_misc_feat_pillars,
          pf_guarded_unrand_delatra
D:7:      layout_rooms, minmay_temple_entry_trees
D:8:      layout_basic, mainiacjoe_overflow_alcove_2, nzn_ghost_randoct,
          uniq_grum
D:9:      layout_stronghold, hellmonk_sif_muna_bookshelves, serial_shops,
          nicolae_shop_real_fake_doors, uniq_harold
D:10:     layout_loops_ring, nemelex_diamond_rough_becter, david_lair_shrubbed,
          special_room [special_room_orc]
D:11:     layout_stronghold, gauntlet_entry_generic, uniq_sonja, uniq_gastronok
Temple:   nicolae_temple_ecumenical_triangle
Gauntlet: gammafunk_gauntlet_branching [nicolae_gauntlet_arena_blocks,
          gammafunk_gauntlet_arena_crates, nicolae_gauntlet_swirl,
          gammafunk_gauntlet_arena_arrow_garden,
          gammafunk_gauntlet_arena_split_x, nicolae_gauntlet_arena_flowing_pool,
          gammafunk_gauntlet_arena_hedges, gammafunk_gauntlet_arena_corners,
          nicolae_gauntlet_exit_dead_adventurers]

Skill      XL: |  1  2  3  4  5  6  7  8  9 10 |
---------------+-------------------------------+-----
Long Blades    | 3 4 5 6 7 8 |  8.7
Dodging        | 3 4 5 |  5.9
Fighting       | 3 4 5 7 8 9 |  9.2
Spellcasting   | 1 2 3 4 6 |  6.3
Conjurations   | 1 3 5 |  5.9
Armour         | 1 3 4 |  4.3
Throwing       | |  1.7

Action                     |  1- 3 |  4- 6 |  7- 9 | 10-12 || total
---------------------------+-------+-------+-------+-------++-------
  Melee: Long sword        |    60 |   102 |   319 |   144 ||   625
         Punch             |     1 |     4 |     8 |     1 ||    14
         Kick              |       |       |    32 |    11 ||    43
         Unarmed           |       |       |    17 |       ||    17
  Throw: Boomerang         |       |       |    17 |    10 ||    27
         Throwing net      |       |       |     3 |       ||     3
         Dart              |       |       |     2 |       ||     2
         Javelin           |       |       |     2 |       ||     2
   Cast: Magic Dart        |       |       |     9 |     9 ||    18
         Searing Ray       |       |       |     6 |     5 ||    11
    Use: Scroll            |       |     5 |     8 |     1 ||    14
         Potion            |       |       |    15 |     1 ||    16
   Stab: Sleeping          |     2 |       |       |       ||     2
         Held in net/web   |       |       |     1 |       ||     1
 Armour: Leather armour    |    16 |    81 |   269 |    22 ||   388
         Skin              |       |       |     7 |       ||     7
         Acid dragon scale |       |       |       |   111 ||   111
  Dodge: Dodged            |    47 |    55 |   232 |   121 ||   455
